 Dungeon Crawl Stone Soup version 0.32-a0-711-g016ad743e0 (webtiles) character file.

Game seed: 11998068321337424880

254 Hubris850 the Covered (level 5, -2/44 (46) HPs)
             Began as a Mountain Dwarf Fighter on Mar 15, 2024.
             Slain by Crazy Yiuf
             ... wielding a +4 quarterstaff of chaos
              (3 damage)
             ... on level 2 of the Dungeon.
             The game lasted 00:03:41 (1729 turns).

Hubris850 the Covered (Mountain Dwarf Fighter)      Turns: 1729, Time: 00:03:41

HP:   -2/44 (46)    AC:  9    Str: 18    XL:     5   Next: 91%
MP:   5/5           EV:  6    Int: 11    God:
Gold: 97            SH:  4    Dex:  9    Spells: 4/4 levels left

rFire   . . .        h - +4 hand axe
rCold   . . .        c - +0 buckler
rNeg    . . .        d - +0 chain mail
rPois   .            (no helmet)
rElec   .            (no cloak)
rCorr   .            (no gloves)
SInv    .            (no boots)
Will    .....        (no amulet) Stlth
                     (no ring)
HPRegen 0.27/turn    (no ring)
MPRegen 0.09/turn

%: no passive effects
@: slowed, lightly drained, very slow
A: runic magic, artefact enchanting
a: no special abilities


You were on level 2 of the Dungeon.
You visited 1 branch of the dungeon, and saw 2 of its levels.

You collected 97 gold pieces.

Inventory:

Hand Weapons
 a - a +0 war axe
 h - a +4 hand axe (weapon)
Armour
 b - a +0 scale mail
 c - a +0 buckler (worn)
 d - a +0 chain mail (worn)
Magical Staves
 f - a staff of alchemy
Scrolls
 e - a scroll of identify {unknown}
 i - a scroll of teleportation {unknown}
Potions
 g - a potion of mutation {unknown}
 j - a potion of curing {unknown}


   Skills:
 - Level 4.0 Fighting
 + Level 4.5 Axes
 + Level 4.8 Armour
 + Level 4.8 Shields


You had 4 spell levels left.
You didn't know any spells.
Your spell library contained the following spells:

 Spells                   Type           Power      Damage    Failure   Level
 Frozen Ramparts          Ice            0%         1d1       92%         3
 Ozocubu's Armour         Ice            0%         N/A       92%         3
 Animate Dead             Necr           0%         N/A       100%        4
 Borgnjor's Vile Clutch   Necr/Erth      0%         N/A       100%        5
 Metabolic Englaciation   Hex/Ice        0%         N/A       100%        5
 Death Channel            Necr           0%         N/A       100%        6


Dungeon Overview and Level Annotations

Branches:
Dungeon (2/15)

Altars:

Annotations:
D:2 Crazy Yiuf


Innate Abilities, Weirdness & Mutations

Your spellcasting is much less encumbered by armour.
You can use scrolls of enchantment on lesser artefacts.


Message History

You see here a ribbon worm corpse.
A kobold comes into view. It is wielding a +0 short sword.
The kobold shouts!
The kobold hits you but does no damage.
You hit the kobold.
You kill the kobold!
No target in view!
No target in view!
j - a fuming brown potion No target in view!
Found a hammer.
Found a runed translucent door.
Crazy Yiuf shouts!
Crazy Yiuf waves his quarterstaff at you.
As you open the door, it creaks loudly!
You completely miss Crazy Yiuf.
Crazy Yiuf hits you with a +4 quarterstaff of chaos!
You feel drained.
Crazy Yiuf twirls on the spot.
Crazy Yiuf barely misses you.
You slash Crazy Yiuf!
Crazy Yiuf is moderately wounded.
Crazy Yiuf hits you with a +4 quarterstaff of chaos.
You feel yourself slow down.
You hit Crazy Yiuf.
Crazy Yiuf is severely wounded.
Crazy Yiuf hits you with a +4 quarterstaff of chaos.
You barely miss Crazy Yiuf.
Crazy Yiuf is heavily wounded.
Crazy Yiuf hits you with a +4 quarterstaff of chaos!
Crazy Yiuf draws strength from your wounds!
Crazy Yiuf hits you with a +4 quarterstaff of chaos.
You hit Crazy Yiuf.
Crazy Yiuf is severely wounded.
Crazy Yiuf grits, "Pitchfork head stair!"
Crazy Yiuf hits you with a +4 quarterstaff of chaos.
* * * LOW HITPOINT WARNING * * *
Crazy Yiuf hits you with a +4 quarterstaff of chaos!
* * * LOW HITPOINT WARNING * * *
You convulse.
You die...

###.......####.###.##
#.......# #.#.#.#.
#.......# #.#.....
######### #.#.....
#.#.#.#. #.#.#.#. ###
♣♣###.#.#... #)..#♣♣
♣♣..#..#.###.
#...g@♣♣♣♣P.........#.
#...#♣..♣.............
### ♣♣♣.♣.P.#....#.#.
♣♣♣♣♣##....#.#.
###.##.#. #......##
########


You could see Crazy Yiuf.

Vanquished Creatures
  Sigmund (D:2)
  Terence (D:2)
  3 adders (D:2)
  2 dart slugs
  A ribbon worm (D:2)
  2 endoplasms
  2 giant cockroaches (D:2)
  3 goblins
  4 hobgoblins
  2 jackals (D:1)
  2 quokkas
  5 bats
  A frilled lizard (D:1)
  7 kobolds
  5 rats
41 creatures vanquished.

Notes
Turn   | Place    | Note
-------+----------+-------------------------------------------
     0 | D:1      | Hubris850 the Mountain Dwarf Fighter began the quest for
                  | the Orb.
     0 | D:1      | Reached XP level 1. HP: 19/19 MP: 1/1
   241 | D:1      | Reached XP level 2. HP: 26/26 MP: 2/2
   892 | D:2      | Noticed Terence
   897 | D:2      | Reached XP level 3. HP: 31/33 MP: 3/3
   901 | D:2      | Killed Terence
  1093 | D:2      | Reached XP level 4. HP: 16/40 MP: 4/4
  1551 | D:2      | Noticed Sigmund
  1561 | D:2      | Killed Sigmund
  1562 | D:2      | Reached XP level 5. HP: 36/46 MP: 5/5
  1720 | D:2      | Found a runed translucent door.
  1721 | D:2      | Noticed Crazy Yiuf
  1729 | D:2      | HP: 1/44 [Crazy Yiuf/+4 quarterstaff of chaos (11)]
  1729 | D:2      | Slain by Crazy Yiuf

Illustrated notes

Levels and vault maps discovered:
D:1:      moated_graveyard_arrival, layout_basic
D:2:      minmay_wonky_spiral, layout_basic, hangedman_abyss_or_decor_stabs,
          uniq_sigmund, uniq_terence, uniq_crazy_yiuf_cottage

Skill      XL: |  1  2  3  4 |
---------------+-------------+-----
Axes           | 3 4 |  4.5
Armour         | 4 |  4.8
Fighting       | 4 |  4.0
Shields        | 4 |  4.8

Action                     |  1- 3 |  4- 6 || total
---------------------------+-------+-------++-------
  Melee: War axe           |    97 |       ||    97
         Hand axe          |       |    44 ||    44
    Use: Potion            |     1 |       ||     1
 Armour: Scale mail        |    68 |       ||    68
         Chain mail        |    24 |    34 ||    58
  Dodge: Dodged            |    44 |    10 ||    54
  Block: Buckler           |    22 |     6 ||    28

Table legend: (Time is in decaauts)
 A = Elapsed time spent in this place.
 B = Non-inter-level travel time spent in this place.
 C = Inter-level travel time spent in this place.
 D = Time resting spent in this place.
 E = Time spent auto-exploring this place.
 F = Levels seen in this place.
 G = Mean time per level.
                   A        B        C        D        E       F      G
               +--------+--------+--------+--------+--------+-----+--------+
         Total |   1774 |   1762 |     12 |    156 |   1256 |   2 |  887.0 |
       Dungeon |   1774 |   1762 |     12 |    156 |   1256 |   2 |  887.0 |
               +--------+--------+--------+--------+--------+-----+--------+

Top non-repeatable levels by time:
     D:2: 911 daAuts
     D:1: 863 daAuts
